 Dungeon Crawl Stone Soup version 0.25-a0-942-g87a53962fc (webtiles) character file.

Game seed: 16128099127987950943, levelgen mode: deterministic

11363 mortelune the Quickloader (level 11, -16/95 HPs)
             Began as a Centaur Hunter on May 6, 2020.
             Was a High Priest of Okawaru.
             Demolished by a komodo dragon (30 damage)
             ... on level 2 of the Lair of Beasts.
             The game lasted 00:32:41 (15740 turns).

mortelune the Quickloader (Centaur Hunter)         Turns: 15740, Time: 00:32:42

Health: -16/95     AC: 13    Str: 19    XL:     11   Next: 48%
Magic:  11/11      EV: 10    Int: 10    God:    Okawaru [*****.]
Gold:   646        SH:  0    Dex: 26    Spells: 10/10 levels left

rFire    . . .     SeeInvis .   b - +3 quarterstaff (chaos)
rCold    + . .     Gourm    .   (shield currently unavailable)
rNeg     . . .     Faith    .   s - +2 ring mail {rPois}
rPois    +         Spirit   .   A - +1 helmet of the Curious Gods {MR- Dex+10}
rElec    .         Reflect  .   o - +0 cloak
rCorr    .         Harm     .   I - +1 pair of gloves "Efalisk" {rC+ Dex+4}
MR       .....                  (no barding)
Stlth    +.........             H - amulet of inaccuracy (curse)
HPRegen  0.25/turn              M - ring of protection from magic
MPRegen  0.12/turn              L - +3 ring of dexterity

@: very quick
A: large, hooves 3, deformed body, speed 2, tough skin 3
a: Heroism, Finesse, Renounce Religion


You were on level 2 of the Lair of Beasts.
You worshipped Okawaru.
Okawaru was extremely pleased with you.
You were not hungry.

You visited 2 branches of the dungeon, and saw 12 of its levels.
You also visited: Bailey.

You collected 1962 gold pieces.
You spent 1316 gold pieces at shops.

Inventory:

Hand Weapons
 a - a +1 hand crossbow
 b - a +3 quarterstaff of chaos (weapon)
 p - a +0 short sword
 R - a +0 lajatang
Missiles
 Q - 102 bolts
Armour
 c - a +0 leather armour
 g - a +0 scale mail
 o - a +0 cloak (worn)
 r - a +0 helmet
 s - a +2 ring mail of poison resistance (worn)
 A - the +1 helmet of the Curious Gods (worn) {MR- Dex+10}
   (You bought it in a shop on level 9 of the Dungeon)

   It affects your dexterity (+10).
   It affects your resistance to hostile enchantments.
 I - the +1 pair of gloves "Efalisk" (worn) {rC+ Dex+4}
   (You bought it in a shop on level 9 of the Dungeon)

   It affects your dexterity (+4).
   It protects you from cold.
 J - the +0 plate armour of Gookec {rElec rCorr}
   (You bought it in a shop on level 9 of the Dungeon)

   It insulates you from electricity.
   It provides partial protection from all sources of acid and corrosion.
Jewellery
 h - an uncursed amulet of rage
 C - an uncursed ring of resist corrosion
 F - an uncursed ring of protection from fire
 H - a cursed amulet of inaccuracy (around neck)
 L - a +3 ring of dexterity (right hand)
 M - a ring of protection from magic (left hand)
 O - an uncursed amulet of faith {unknown}
Wands
 P - a wand of flame (12)
Scrolls
 e - 2 scrolls of fear
 f - 2 scrolls of fog
 i - a scroll of identify
 k - a scroll of magic mapping
 m - a scroll of immolation {unknown}
 n - 2 scrolls of enchant armour
 t - 6 scrolls of teleportation
 w - 2 scrolls of amnesia
 y - a scroll of noise {unknown}
 B - 2 scrolls of blinking
 D - a scroll of enchant weapon
 S - a scroll of random uselessness {unknown}
Potions
 d - a potion of ambrosia {unknown}
 j - a potion of mutation {unknown}
 l - 2 potions of curing {unknown}
 q - a potion of heal wounds
 u - 4 potions of brilliance
 x - 2 potions of haste
 z - a potion of stabbing {unknown}
 E - a potion of invisibility {unknown}
 G - a potion of might {unknown}
 K - a potion of resistance {unknown}
Comestibles
 v - 28 rations
 N - 5 chunks of flesh


   Skills:
 + Level 8.5 Fighting
 * Level 10.2 Staves
 * Level 12.9 Crossbows
 + Level 1.9 Armour
 - Level 1.7 Dodging
 - Level 1.0 Stealth


You had 10 spell levels left.
You didn't know any spells.
Your spell library contained the following spells:

 Spells                   Type           Power        Failure   Level  Hunger
 Foxfire                  Conj/Fire      #...         54%         1    ##.....
 Conjure Flame            Conj/Fire      #.......     89%         3    ####...
 Inner Flame              Hex/Fire       #.......     89%         3    ####...
 Sticky Flame             Conj/Fire      #.......     100%        4    #####..
 Fireball                 Conj/Fire      #.........   100%        5    ######.


Dungeon Overview and Level Annotations

Branches:
Dungeon (10/15)            Temple (0/1) D:7            Lair (2/6) D:8
 Spider (0/4) Lair:2       Bailey (visited)
  Swamp: Lair:2-4    Shoals: Lair:2-4       Orc: D:9-12

Altars:
Ashenzari
Dithmenos
Elyvilon
Gozag
Kikubaaqudgha
Makhleb
Okawaru
Qazlal
Sif Muna
Uskayaw

Shops:
D:7 =   D:9 [

Annotations:
D:7 1 runed translucent door, gruber's ghost, novice GnTm
D:10 Maurice


Innate Abilities, Weirdness & Mutations

You have hooves in place of feet.
Armour fits poorly on your strangely shaped body.
You cover ground very quickly.
You have extremely tough skin. (AC +3)


Message History

The komodo dragon is heavily wounded.
You hit the komodo dragon. Your kick misses the komodo dragon.
The komodo dragon is heavily wounded.
The komodo dragon bites you.
You miss the komodo dragon.
The komodo dragon is heavily wounded.
The komodo dragon barely misses you.
You sock the komodo dragon!
The komodo dragon goes berserk!
Your kick misses the komodo dragon.
The komodo dragon is severely wounded.
The komodo dragon bites you.
You hit the komodo dragon but do no damage.
The komodo dragon seems to grow stronger.
You kick the komodo dragon!
The komodo dragon is almost dead.
The komodo dragon bites you!!
* * * LOW HITPOINT WARNING * * *
You hear a trumpeting! x2
The komodo dragon bites you!!
You die...

.. ###..# ##.^#.....#...##
...##....########P..#.#...##..#
...!...........#...####.####..# #
.......................Y.##..###.
...........#..................#..
####..#####...##P##..P..####.#...
#.# ###..>.#####.....####.....
..# ##...#.#####....P#..##.....
... #........l@...†..........##
... ##...............<......##
... #.....................##
#########..#####.#....# ####
####.### ###


You could see an elephant and a komodo dragon (berserk).

Vanquished Creatures
  2 hydras
  A two-headed ogre (D:9)
  An orc knight (Bailey)
  Pikel (D:9)
  An elephant (Lair:1)
  Joseph (Lair:1)
  A black mamba (Lair:2)
  2 komodo dragons (Lair:2)
  A spiny frog (Lair:1)
  A hornet (Lair:1)
  3 blink frogs (Lair:1)
  A hippogriff (D:7)
  2 dream sheep (D:8)
  2 yaks (D:8)
  A hungry ghost (D:9)
  Edmund (D:3)
  3 porcupines (Lair:1)
  4 water moccasins
  6 orc warriors
  2 slaves (D:9)
  An ice beast (D:9)
  4 phantoms
  A boggart (D:7)
  3 ogres
  3 centaurs (D:8)
  4 crocodiles
  3 big kobolds (D:8)
  7 bullfrogs
  2 wyvern skeletons
  6 scorpions
  4 wights (D:7)
  3 crimson imps
  A bullfrog zombie (D:9)
  A jelly (D:6)
  An orc priest (D:3)
  Crazy Yiuf (D:2)
  4 hounds
  3 orc wizards
  8 worker ants
  A killer bee zombie (D:8)
  Robin (D:3)
  A howler monkey skeleton (D:8)
  11 adders
  12 gnolls
  3 shadow imps
  An ooze (D:1)
  An adder zombie (D:3)
  2 adder skeletons
  2 worms (Lair:2)
  3 dart slugs
  6 leopard geckos
  31 orcs
  12 giant cockroaches
  8 hobgoblins
  2 jackals (D:5)
  16 kobolds
  3 quokkas
  3 ball pythons
  A ball python skeleton (D:4)
  9 bats
  6 frilled lizards
  22 goblins
  A leopard gecko zombie (D:5)
  A quokka skeleton (D:8)
  A quokka zombie (D:8)
  7 rats
264 creatures vanquished.

Vanquished Creatures (others)
  An orc (D:4)
  A bush (Lair:2)
  15 fungi (Lair:2)
  42 plants (Lair:2)
59 creatures vanquished.

Grand Total: 323 creatures vanquished

Notes
Turn   | Place    | Note
-------+----------+-------------------------------------------
     0 | D:1      | mortelune the Centaur Hunter began the quest for the Orb.
     0 | D:1      | Reached XP level 1. HP: 17/17 MP: 1/1
    20 | D:1      | Found a shattered altar of Ashenzari.
   181 | D:1      | Reached XP level 2. HP: 23/24 MP: 2/2
   530 | D:1      | Reached skill level 1 in Stealth
   845 | D:2      | Reached XP level 3. HP: 30/30 MP: 3/3
  1143 | D:2      | Reached skill level 5 in Crossbows
  1386 | D:2      | Found an ancient bone altar of Kikubaaqudgha.
  1428 | D:2      | Found a runed translucent door.
  1429 | D:2      | Noticed Crazy Yiuf
  1484 | D:2      | Found a faded altar of an unknown god.
  1616 | D:2      | Killed Crazy Yiuf
  1616 | D:2      | Reached XP level 4. HP: 37/37 MP: 4/4
  1795 | D:3      | Reached skill level 1 in Staves
  1820 | D:3      | Reached XP level 5. HP: 34/45 MP: 5/5
  2046 | D:3      | Noticed Robin
  2047 | D:3      | Found a shadowy altar of Dithmenos.
  2084 | D:3      | Killed Robin
  2577 | D:3      | Reached skill level 6 in Crossbows
  3365 | D:4      | Reached XP level 6. HP: 51/51 MP: 6/6
  3603 | D:4      | Noticed Edmund
  3691 | D:3      | Found an opulent altar of Gozag.
  3708 | D:3      | Killed Edmund
  3799 | D:4      | Reached skill level 7 in Crossbows
  3799 | D:4      | Reached XP level 7. HP: 59/59 MP: 7/7
  4685 | D:5      | Entered Level 5 of the Dungeon
  4875 | D:5      | Noticed a +0 dagger
  4877 | D:5      | Noticed a +0 hand axe
  4878 | D:5      | Found a hide-covered altar of Uskayaw.
  5689 | D:5      | Found a burning altar of Makhleb.
  5699 | D:5      | Reached XP level 8. HP: 67/67 MP: 8/8
  5802 | D:6      | Reached skill level 8 in Crossbows
  5827 | D:6      | Reached skill level 5 in Staves
  6134 | D:6      | Reached skill level 5 in Fighting
  6260 | D:6      | Found a white marble altar of Elyvilon.
  6567 | D:6      | Found a stormy altar of Qazlal.
  7006 | D:6      | Reached skill level 9 in Crossbows
  7609 | D:7      | Found Oleicir's Jewellery Boutique.
  7680 | D:7      | Reached XP level 9. HP: 75/75 MP: 9/9
  7929 | D:7      | Found an iron altar of Okawaru.
  8112 | D:7      | Found a staircase to the Ecumenical Temple.
  8157 | D:7      | Found a runed translucent door.
  8157 | D:7      | Noticed a cyclops
  8157 | D:7      | Noticed gruber's ghost (novice GnTm)
  8714 | D:7      | Became a worshipper of Warmaster Okawaru
  8826 | D:7      | Reached skill level 10 in Crossbows
  9803 | D:8      | Found a staircase to the Lair.
  9892 | D:8      | Reached * piety under Okawaru
 10221 | D:8      | Reached XP level 10. HP: 69/84 MP: 10/10
 10232 | D:8      | Reached skill level 11 in Crossbows
 10346 | D:8      | Noticed a three-headed hydra
 10391 | D:8      | Killed a three-headed hydra
 10391 | D:8      | Reached ** piety under Okawaru
 10875 | D:9      | Noticed a two-headed ogre
 10917 | D:9      | Killed a two-headed ogre
 10990 | D:9      | Found Aphugyf's Antique Armour Shop.
 10993 | D:9      | Bought a pair of ancient gloves for 266 gold pieces
 10998 | D:9      | Identified the +1 pair of gloves "Efalisk" {rC+ Dex+4} (You
                  | bought it in a shop on level 9 of the Dungeon)
 11022 | D:9      | Found a flagged portal.
 11036 | Bailey   | Entered a bailey
 11210 | Bailey   | Noticed an orc knight
 11275 | Bailey   | Found a bloodstained altar of Trog.
 11347 | Bailey   | Killed an orc knight
 11347 | Bailey   | Reached *** piety under Okawaru
 11347 | Bailey   | Received a gift from Okawaru
 11753 | D:9      | Bought a transparent helmet for 266 gold pieces
 11753 | D:9      | Bought a distressingly furry plate armour for 784 gold
                  | pieces
 11763 | D:9      | Identified the +1 helmet of the Curious Gods {MR- Dex+10}
                  | (You bought it in a shop on level 9 of the Dungeon)
 11945 | D:9      | Noticed Pikel
 11989 | D:9      | Killed Pikel
 11989 | D:9      | Reached skill level 12 in Crossbows
 12312 | D:9      | Found a shimmering blue altar of Sif Muna.
 12432 | D:10     | Entered Level 10 of the Dungeon
 12506 | D:9      | Paralysed by fainting for 6 turns
 12847 | D:10     | Noticed Maurice
 12905 | Lair:1   | Entered Level 1 of the Lair of Beasts
 13238 | Lair:1   | Noticed Joseph
 13251 | Lair:1   | Killed Joseph
 13251 | Lair:1   | Reached XP level 11. HP: 70/94 MP: 9/11
 13362 | Lair:1   | Identified the +0 plate armour of Gookec {rElec rCorr} (You
                  | bought it in a shop on level 9 of the Dungeon)
 13456 | Lair:1   | Reached **** piety under Okawaru
 14410 | Lair:2   | Noticed a five-headed hydra
 14507 | Lair:1   | Killed a five-headed hydra
 14507 | Lair:1   | Reached skill level 1 in Armour
 14631 | Lair:2   | Found a hole to the Spider Nest.
 14662 | Lair:2   | Reached skill level 10 in Staves
 15579 | Lair:2   | Reached ***** piety under Okawaru
 15579 | Lair:2   | Received a gift from Okawaru
 15740 | Lair:2   | Demolished by a komodo dragon

Levels and vault maps discovered:
D:1:      scummos_arrival_checkerplants, layout_rooms, serial_rivers,
          chequers_serial_rivers_micro_a, chequers_serial_rivers_micro_d,
          chequers_serial_rivers_micro_c, chequers_serial_rivers_micro_c,
          chequers_serial_rivers_small_a, chequers_serial_rivers_small_3,
          nicolae_ashenzari_panopticon
D:2:      layout_rooms, lemuel_crystal_altar, chequers_ecumenical_altar_lobes,
          uniq_crazy_yiuf_cottage
D:3:      layout_loops_ring, nicolae_dithmenos_through_a_glass_darkly,
          nicolae_overflow_hidden_temple, first_ration, uniq_robin
D:4:      layout_basic, uniq_edmund
D:5:      layout_layer_cave, dancing_weapons_uskayaw, makhleb_grotto_becter,
          minmay_misc_feat_chi, minmay_crystal_water
D:6:      layout_basic, elyvilon_altar_4, grunt_qazlal_clouds
D:7:      layout_basic, minmay_temple_entry_junction, ebering_ghost_inner_flame,
          serial_shops, shop, okawaru_altar_gauntlet_db
D:8:      layout_basic, dpeg_oklobed_lair, serial_bayou_pond_a, hangedman_ranch
          [blue_anna_fruit_fields], minmay_between
D:9:      layout_basic, lemuel_blue_sif_altar, serial_shops,
          kennysheep_mini_moat, enter_bailey_3, uniq_pikel
D:10:     wander_river, layout_basic, basic_altar, evilmike_butchery,
          uniq_psyche, uniq_erica, uniq_maurice, uniq_erolcha
Lair:1:   layout_regular_city, uniq_joseph
Lair:2:   minmay_lair_venomous_thicket, layout_concentric_octagons,
          nicolae_spider_entry_non_spiders, serial_bayou_shore_b,
          infiniplex_staircase_pool_2

Skill      XL: |  1  2  3  4  5  6  7  8  9 10 11 |
---------------+----------------------------------+-----
Stealth        | 1 |  1.0
Crossbows      | 5 6 7 9 10 12 | 12.9
Fighting       | 3 4 5 6 8 |  8.5
Staves         | 1 2 3 4 6 7 9 10 | 10.2
Armour         | 1 |  1.9
Dodging        | |  1.7

Action                   |  1- 3 |  4- 6 |  7- 9 | 10-12 || total
-------------------------+-------+-------+-------+-------++-------
Melee: Short sword       |   120 |       |       |       ||   120
       Kick              |    20 |    20 |    27 |    72 ||   139
       Quarterstaff      |       |   105 |   210 |   199 ||   514
 Fire: Hand crossbow     |    13 |    55 |   197 |   189 ||   454
Invok: Heroism           |       |       |       |     4 ||     4
  Use: Scroll            |       |     6 |     5 |     5 ||    16
       Potion            |       |     1 |       |     1 ||     2
 Stab: Paralysed         |       |     1 |     4 |     2 ||     7
       Petrified         |       |       |       |     6 ||     6
       Petrifying        |       |       |       |     2 ||     2
  Eat: Chunk             |     1 |     6 |    17 |     7 ||    31
       Ration            |       |       |       |     3 ||     3
Armor: Leather armour    |    68 |    25 |       |       ||    93
       Scale mail        |       |    51 |    76 |       ||   127
       Ring mail         |       |       |     6 |   106 ||   112
Dodge: Dodged            |    82 |    52 |   101 |   108 ||   343

Table legend:
 A = Non-vault XP
 B = Vault XP
 C = Vault XP percentage of total XP
 D = Non-vault monster count
 E = Vault monster count
 F = Vault count percentage of total count
                 A         B        C        D         E       F
            +---------+---------+-------+---------+---------+-------
      Total |   10353 |    5881 |  36.2 |     195 |      68 |  25.9
            +---------+---------+-------+---------+---------+-------
        D:1 |      33 |       0 |   0.0 |      16 |       0 |   0.0
        D:2 |      51 |      40 |  44.0 |      23 |       1 |   4.2
        D:3 |     281 |     203 |  41.9 |      32 |      13 |  28.9
        D:4 |     620 |       0 |   0.0 |      20 |       0 |   0.0
        D:5 |     191 |      50 |  20.7 |      15 |       1 |   6.2
        D:6 |    1222 |       0 |   0.0 |      24 |       0 |   0.0
        D:7 |    1258 |     175 |  12.2 |      23 |       7 |  23.3
        D:8 |     438 |    2436 |  84.8 |      13 |      14 |  51.9
        D:9 |    1420 |     670 |  32.1 |       9 |       5 |  35.7
       D:10 |      15 |       0 |   0.0 |       1 |       0 |   0.0
     Lair:1 |    3800 |     762 |  16.7 |      15 |       4 |  21.1
     Lair:2 |    1024 |     563 |  35.5 |       4 |       7 |  63.6
     Bailey |       0 |     982 | 100.0 |       0 |      16 | 100.0
            +---------+---------+-------+---------+---------+-------
